AoeStats
← Barón de la Cerveza

Marketplace

505338990Analyzed
1v1 RM · 25d ago on Sep 8, 2026· 46m 48s· 2 players
Game mode
Random Map
Map size
Tiny (2 player)
Population
200
Speed
Normal
Resources
Standard
Victory
Conquest
Starting age
Dark Age
Ending age
Imperial Age
RankedLock teamsTeams togetherTeam positionsShared explorationLock speedFull tech treeHidden civsTurbo modeCheats
Victory
Defeat
🇲🇽 Dravidians · Mexico
1799
+19
🇲🇽 Persians · Mexico
1876
-19
Barón de la Cerveza
7:04 Loom
9:29 Feudal Age
9:33 Man-at-Arms
15:23 Fletching
21:01 Wheelbarrow
23:42 Castle Age
22:06 Horse Collar
22:26 Gold Mining
24:04 Crossbowman
24:40 Bodkin Arrow
25:24 Double-Bit Axe
28:32 Husbandry
30:54 Scale Barding Armor
34:48 Imperial Age
32:34 Hand Cart
33:07 Ballistics
33:00 Long Swordsman
33:26 Gambesons
33:42 Squires
34:21 Stone Mining
34:55 Scale Mail Armor
34:53 Two-Handed Swordsman
35:56 Chain Mail Armor
36:19 Bow Saw
36:31 Bracer
36:30 Champion
37:42 Plate Mail Armor
40:02 Forging
39:54 Bracer
42:03 Iron Casting
41:39 Medical Corps
41:54 Conscription
41:52 Heavy Plow
42:00 Arson
42:48 Wootz Steel
44:00 Blast Furnace
45:40 Caravan
46:48 Elite Urumi Swordsman
VL Droga0
5:31 Loom
5:35 Loom
8:40 Feudal Age
9:18 Double-Bit Axe
18:13 Fletching
20:19 Padded Archer Armor
23:44 Castle Age
24:07 Bodkin Arrow
25:44 Wheelbarrow
25:57 Ballistics
25:07 Elite Skirmisher
33:57 Bow Saw
33:33 Horse Collar
34:24 Heavy Plow
40:50 Imperial Age
39:37 Scale Barding Armor
39:45 Bloodlines
41:08 Chain Barding Armor
40:29 Cavalier
41:21 Forging
42:55 Plate Barding Armor
42:25 Gold Mining
45:13 Chemistry
44:58 Husbandry
44:26 Light Cavalry
Connection lost

Rejoining the realm…

Still unreachable

The connection could not be restored.

Session expired

The server has moved on; the page needs a fresh start.